 Dungeon Crawl Stone Soup version 0.22-a0-305-gd21a89c (webtiles) character file.

1597 matakusis the Summoner (level 8, -5/61 HPs)
             Began as a Deep Elf Summoner on Mar 31, 2018.
             Killed from afar by Psyche (9 damage)
             ... with a magic dart
             ... on level 8 of the Dungeon.
             The game lasted 00:29:18 (5884 turns).

matakusis the Summoner (Deep Elf Summoner)          Turns: 5884, Time: 00:29:20

Health: -5/61      AC:  6    Str: 10    XL:     8   Next: 62%
Magic:  4/21       EV: 15    Int: 23    God:
Gold:   451        SH:  0    Dex: 15    Spells: 11/22 levels left

rFire    . . .     SeeInvis .   v - +2 short sword (flame)
rCold    . . .     Gourm    .   (no shield)
rNeg     . . .     Faith    .   a - +0 robe
rPois    .         Spirit   .   (no helmet)
rElec    .         Reflect  .   (no cloak)
rCorr    .         Harm     .   (no gloves)
MR       .....                  (no boots)
Stlth    ..........             u - amulet of the acrobat
HPRegen  0.20/turn              l - ring of wizardry
MPRegen  0.17/turn              i - +4 ring of protection

@: berserking, drained, very quick
A: no striking features
a: no special abilities


You were on level 8 of the Dungeon.
You were not hungry.

You visited 2 branches of the dungeon, and saw 9 of its levels.

You collected 451 gold pieces.

Inventory:

Hand Weapons
 v - a +2 short sword of flaming (weapon)
Missiles
 j - 55 arrows
Armour
 a - a +0 robe (worn)
Magical Staves
 s - an uncursed staff of earth
Jewellery
 d - a +3 ring of dexterity
 i - a +4 ring of protection (right hand)
 l - a ring of wizardry (left hand)
 r - an uncursed amulet of faith
 u - an amulet of the acrobat (around neck)
Wands
 w - a wand of enslavement (10)
 x - a wand of iceblast (9)
Scrolls
 b - a scroll of noise
 e - 3 scrolls of teleportation
 g - a scroll of immolation
 o - 2 scrolls of remove curse
 t - a scroll of magic mapping
 y - a scroll of identify
Potions
 f - a potion of ambrosia
 h - a potion of curing
 n - 4 potions of haste
 p - a potion of berserk rage
 q - 2 potions of might
 A - a potion of resistance
Miscellaneous
 m - a lightning rod (4/4)
Comestibles
 c - 7 rations
 k - 4 chunks of flesh


   Skills:
 * Level 5.4(5.1) Dodging
 - Level 2.4(2.1) Stealth
 + Level 7.8(7.5) Spellcasting
 * Level 9.2(8.9) Summonings
 * Level 4.3(4.0) Ice Magic


You had 11 spell levels left.
You knew the following spells:

 Your Spells              Type           Power        Failure   Level  Hunger
a - Summon Small Mammal   Summ           ####         1%          1    None
b - Call Imp              Summ           #####...     1%          2    None
c - Summon Ice Beast      Ice/Summ       #####...     1%          4    ###....
d - Summon Lightning Spi  Summ/Air       ####....     4%          4    ###....


Dungeon Overview and Level Annotations

Branches:
Dungeon (8/15)             Temple (1/1) D:4
   Lair: D:8-11

Altars:
Ashenzari
Cheibriados
Dithmenos
Elyvilon
Fedhas
Gozag
Hepliaklqana
Kikubaaqudgha
Makhleb
Nemelex Xobeh
Okawaru
Qazlal
Ru
Trog
Vehumet
Wu Jian
Xom
Yredelemnul
Zin
The Shining One

Portals:
Ossuary: D:8

Annotations:
D:8 Psyche


Message History

You barely miss something. Something hits you!
* * * LOW HITPOINT WARNING * * *
Something freezes you.
* * * LOW HITPOINT WARNING * * *
Something hits you but does no damage.
Unknown command.
A red film seems to cover your vision as you go berserk!
You feel yourself moving faster!
You feel mighty!
You hear some strange, mumbled words.
The iguana hisses angrily.
You completely miss something. Something hits you but does no damage.
You barely miss something. Something hits you but does no damage.
You miss something. You barely miss something. Something hits you.
* * * LOW HITPOINT WARNING * * *
You feel drained.
* * * LOW HITPOINT WARNING * * *
You hear some strange, mumbled words.
A magic dart appears from out of thin air!
The magic dart hits you!
You die...

#..###.....##....#
#. ###..<##....#.#
# ###.##....#.#
#.##....#.# #).
......# .... ..)..
. .$.. ... .. ..##
#{# .....# #@#
.... #l# .
...!.#####.# ...
H........#h#)...l
..................
..............h..F
..................
.............#....
.............#....


You could see a howler monkey and an iguana.

Vanquished Creatures
  A jelly (D:5)
  A howler monkey zombie (D:7)
  A leopard gecko (D:6)
  A frilled lizard (D:5)
  A leopard gecko skeleton (D:7)
5 creatures vanquished.

Vanquished Creatures (collateral kills)
  A slime creature (D:7)
  Sigmund (D:2)
  3 yaks (D:7)
  Eustachio (D:5)
  Menkaure (D:6)
  4 orc warriors
  A sky beast (D:7)
  A phantom (D:5)
  2 ogres
  A centaur (D:7)
  4 bullfrogs
  3 scorpions
  A wight (D:7)
  A howler monkey (D:7)
  A crimson imp (D:7)
  A bullfrog zombie (D:7)
  A jelly (D:5)
  A gnoll shaman (D:7)
  An iguana (D:4)
  4 worker ants
  2 orc wizards (D:7)
  Natasha (thrice) (D:2)
  A hound skeleton (D:5)
  14 gnolls
  10 adders
  3 shadow imps
  An ooze (D:3)
  An adder zombie (D:6)
  3 worms
  2 dart slugs
  4 leopard geckos
  25 orcs
  9 bats
  4 giant cockroaches
  10 goblins
  3 hobgoblins (D:2)
  6 jackals
  2 kobolds
  2 quokkas (D:2)
  A ball python (D:3)
  6 frilled lizards
  6 rats
  2 fungi (D:4)
154 creatures vanquished.

Vanquished Creatures (others)
  2 plants (D:5)
2 creatures vanquished.

Grand Total: 161 creatures vanquished

Notes
Turn   | Place    | Note
-------+----------+-------------------------------------------
     0 | D:1      | matakusis the Deep Elf Summoner began the quest for the Orb.
     0 | D:1      | Reached XP level 1. HP: 10/10 MP: 6/6
   704 | D:2      | Reached XP level 2. HP: 15/15 MP: 2/8
   711 | D:2      | Learned a level 2 spell: Call Imp
   723 | D:2      | Noticed Natasha
   774 | D:2      | Killed Natasha
   774 | D:2      | Reached skill level 5 in Summonings
   821 | D:2      | Noticed Natasha
   831 | D:2      | Killed Natasha
   831 | D:2      | Reached XP level 3. HP: 15/19 MP: 3/10
   876 | D:2      | Noticed Sigmund
   886 | D:2      | Noticed Natasha
  1378 | D:2      | Killed Sigmund
  1378 | D:2      | Reached XP level 4. HP: 24/24 MP: 8/12
  1417 | D:2      | Killed Natasha
  1417 | D:2      | Reached skill level 6 in Summonings
  1538 | D:2      | Reached XP level 5. HP: 28/28 MP: 10/13
  1554 | D:2      | Learned a level 4 spell: Summon Ice Beast
  1559 | D:2      | Learned a level 4 spell: Summon Lightning Spire
  1680 | D:3      | Found an ancient bone altar of Kikubaaqudgha.
  1680 | D:3      | Found an opulent altar of Gozag.
  1681 | D:3      | Found a hazy altar of Hepliaklqana.
  1681 | D:3      | Found a shattered altar of Ashenzari.
  1682 | D:3      | Found a shimmering altar of Xom.
  1682 | D:3      | Found a bloodstained altar of Trog.
  1682 | D:3      | Found a glowing silver altar of Zin.
  1682 | D:3      | Found a white marble altar of Elyvilon.
  2352 | D:4      | Found a staircase to the Ecumenical Temple.
  2368 | Temple   | Entered the Ecumenical Temple
  3453 | D:4      | Reached skill level 1 in Ice Magic
  3453 | D:4      | Reached XP level 6. HP: 32/32 MP: 12/15
  3470 | D:4      | Reached skill level 5 in Spellcasting
  3586 | D:5      | Entered Level 5 of the Dungeon
  3716 | D:5      | Noticed Eustachio
  3731 | D:5      | Killed Eustachio
  3731 | D:5      | Reached skill level 7 in Summonings
  4203 | D:5      | Reached XP level 7. HP: 36/36 MP: 11/17
  4264 | D:6      | Noticed Menkaure
  4270 | D:6      | Killed Menkaure
  4554 | D:6      | Found an iron altar of Okawaru.
  4912 | D:7      | Reached skill level 8 in Summonings
  4965 | D:7      | Noticed a yak
  4972 | D:7      | Killed a yak
  5058 | D:7      | Noticed a yak
  5058 | D:7      | Noticed a yak
  5070 | D:7      | Killed a yak
  5070 | D:7      | Reached XP level 8. HP: 28/41 MP: 8/20
  5238 | D:7      | Reached skill level 5 in Dodging
  5546 | D:7      | Noticed a slime creature
  5556 | D:7      | Killed a slime creature
  5560 | D:7      | Reached skill level 9 in Summonings
  5842 | D:8      | Found a sand-covered staircase.
  5842 | D:8      | Noticed Psyche
  5849 | D:8      | Noticed a two-headed ogre
  5864 | D:8      | Noticed a two-headed ogre
  5870 | D:8      | Noticed a hippogriff
  5884 | D:8      | Killed from afar by Psyche

Vault maps used:
D:1:      dpeg_arrival_simpleton_c, minivault_14
D:2:      wad_floor_pattern_2, uniq_natasha, uniq_sigmund
D:3:      grunt_temple_overflow_open, minmay_cut_off
D:4:      old_forge, temple_pool_b, minmay_misc_feat_tiny
D:5:      first_ration, serial_bayou_lagoon_a, uniq_eustachio
D:6:      hangedman_decor_clover_reticule, kennysheep_okawaru_gauntlet,
          uniq_menkaure
D:7:      minmay_blocky_corners
D:8:      nicolae_overflow_crystal_walls, enter_ossuary_1,
          hangedman_little_slice_of_home, minivault_26, item_on_display_a,
          uniq_psyche
Temple:   minmay_temple_forest_path

Skill      XL: |  1  2  3  4  5  6  7  8 |
---------------+-------------------------+-----
Summonings     | 5 6 7 8 9 |  9.2
Dodging        | 3 4 5 |  5.4
Spellcasting   | 4 5 6 7 |  7.8
Ice Magic      | 1 3 4 |  4.3
Stealth        | |  2.4

Action                   |  1- 3 |  4- 6 |  7- 9 || total
-------------------------+-------+-------+-------++-------
Melee: Unarmed           |     6 |    13 |       ||    19
       Short sword       |       |     2 |    22 ||    24
 Cast: Summon Small Mamm |    34 |       |       ||    34
       Call Imp          |    27 |    16 |       ||    43
       Summon Ice Beast  |       |    20 |    28 ||    48
       Summon Lightning  |       |    16 |    21 ||    37
  Use: Scroll            |     8 |     7 |     4 ||    19
       Potion            |     3 |       |     1 ||     4
 Stab: Distracted        |       |     1 |       ||     1
  Eat: Chunk             |     1 |    16 |    10 ||    27
Armor: Robe              |     9 |    10 |    11 ||    30
Dodge: Dodged            |    18 |    34 |    25 ||    77

Table legend:
 A = Spawn XP
 B = Non-spawn XP
 C = Spawn XP percentage of total XP
 D = Spawn monster count
 E = Non-spawn monster count
 F = Spawn count percentage of total count
 G = Total turns spent on level
                    A         B        C        D         E        F      G
               +---------+---------+-------+---------+---------+-------+---------
         Total |       0 |    2282 |   0.0 |       0 |     157 |   0.0 |  5884
               +---------+---------+-------+---------+---------+-------+---------
           D:1 |       0 |      11 |   0.0 |       0 |      11 |   0.0 |   680
           D:2 |       0 |     188 |   0.0 |       0 |      24 |   0.0 |   886
           D:3 |       0 |      51 |   0.0 |       0 |      19 |   0.0 |   763
           D:4 |       0 |     175 |   0.0 |       0 |      26 |   0.0 |   973
           D:5 |       0 |     308 |   0.0 |       0 |      23 |   0.0 |   615
           D:6 |       0 |     288 |   0.0 |       0 |      10 |   0.0 |   638
           D:7 |       0 |    1198 |   0.0 |       0 |      43 |   0.0 |   972
           D:8 |       0 |      63 |   0.0 |       0 |       1 |   0.0 |    42
               +---------+---------+-------+---------+---------+-------+---------
